 Dungeon Sprint DCSS version 0.22-a0-422-g9628fc8 (webtiles) character file.

10367 Kidiri the Protected (level 11, -2/111 HPs)
             Began as a Minotaur Fighter on May 22, 2018.
             Was a High Priest of Okawaru.
             Slain by a vampire knight
             ... wielding a +2 great sword
              (15 damage)
             ... in the Dungeon (Sprint VII: "The Pits").
             The game lasted 00:09:16 (2166 turns).

Kidiri the Protected (Minotaur Fighter)             Turns: 2166, Time: 00:09:17

Health: -2/111     AC: 23    Str: 25    XL:     11   Next: 35%
Magic:  12/12      EV: 12    Int:  5    God:    Okawaru [*****.]
Gold:   0          SH: 14    Dex: 12    Spells: 10/10 levels left

rFire    . . .     SeeInvis .   v - +2 scimitar (flame)
rCold    . . .     Gourm    .   c - +0 shield
rNeg     . . .     Faith    .   b - +2 plate armour
rPois    .         Spirit   .   (helmet restricted)
rElec    .         Reflect  .   w - +0 cloak
rCorr    .         Harm     .   (no gloves)
MR       .....     NoTele   +   (no boots)
Stlth    ..........             (no amulet)
HPRegen  0.28/turn              r - +3 ring of strength
MPRegen  0.13/turn              s - +3 ring of protection

@: no status effects
A: retaliatory headbutt, horns 2
a: Heroism, Finesse, Renounce Religion


You were in the Dungeon.
You worshipped Okawaru.
Okawaru was extremely pleased with you.
You were not hungry.

You visited 1 branch

Inventory:

Hand Weapons
 a - a +1 long sword of holy wrath
 v - a +2 scimitar of flaming (weapon)
Missiles
 y - 8 poisoned javelins
 A - 7 tomahawks of returning (quivered)
Armour
 b - a +2 plate armour (worn)
 c - a +0 shield (worn)
 p - the +1 ring mail of the Good {Str+3}
   (Okawaru gifted it to you in the Dungeon)

   It affects your strength (+3).
 w - a +0 cloak (worn)
Jewellery
 r - a +3 ring of strength (left hand)
 s - a +3 ring of protection (right hand)
Scrolls
 k - a scroll of blinking
 m - 3 scrolls of remove curse
 n - 5 scrolls of amnesia
 o - a scroll of summoning
Potions
 d - 2 potions of might
 e - 7 potions of curing
 g - 5 potions of heal wounds
 h - a potion of haste
 i - 4 potions of magic
 j - 5 potions of berserk rage
 l - 2 potions of invisibility
 t - a potion of agility
 u - a potion of brilliance
Comestibles
 f - 8 rations


   Skills:
 * Level 14.9 Fighting
 * Level 14.7 Long Blades
 + Level 9.1 Throwing
 * Level 14.9 Armour
 + Level 9.9 Dodging
 * Level 14.9 Shields
 + Level 3.8 Invocations


You had 10 spell levels left.
You didn't know any spells.
Your spell library was empty.

Dungeon Overview and Level Annotations

Branches:
Dungeon (1/1)

Altars:
Ashenzari
Cheibriados
Dithmenos
Elyvilon
Fedhas
Gozag
Hepliaklqana
Kikubaaqudgha
Makhleb
Nemelex Xobeh
Okawaru
Qazlal
Ru
Sif Muna
Trog
Uskayaw
Vehumet
Wu Jian
Xom
Yredelemnul
Zin
The Shining One
Beogh
Jiyva
Lugonu

Annotations:
D exclusion: 4 doors


Innate Abilities, Weirdness & Mutations

You reflexively headbutt those who attack you in melee.
You have a pair of horns on your head.


Message History

You hit something but do no damage. Something hits you!!
You block something's attack.
The deep elf mage gestures at you while chanting.
You block the stone arrow.
Unknown command.
You close the door.
You feel like a meek peon again.
Unholy energy fills the air.
* * * LOW HITPOINT WARNING * * *
You feel much better. Something hits you!
Something bites you but does no damage.
You feel much better. Something hits you.
Something bites you but does no damage.
The dream sheep shake their wool and sparkle.
You feel drowsy...
You fall asleep.
A deep elf mage opens the door.
Something hits you!!!
You wake up.
* * * LOW HITPOINT WARNING * * *
Something bites you but does no damage. Something hits you!
You die...

...##..#..##...##..+...#..
...##..#..#.....#..#...#.
#####..)..+.....+..+...'.
#####))#..#.....#..#...#
.[.##)รท#..##.).##..+...#
.[.##..##.(##+##).##...##
.))##...##.)..('.##.....##
..)##....###..)###Y.)#...##
.))##......#...e@{Y.###...#
##################### #####


You could see a deep elf mage and 2 dream sheep.

Vanquished Creatures
  A draconian shifter (D)
  A great orb of eyes (D)
  A hydra (D)
  A death yak (D)
  2 two-headed ogres (D)
  An orc high priest (D)
  Urug (D)
  A shadow wraith (D)
  A lindwurm (D)
  An orc sorcerer (D)
  A black mamba (D)
  An ice devil (D)
  A komodo dragon (D)
  A merfolk (D)
  A flying skull (D)
  A redback (D)
  A shadow (D)
  2 fire bats (D)
  2 basilisks (D)
  Edmund (D)
  2 orc warriors (D)
  An eye of draining (D)
  A black bear (D)
  2 ogres (D)
  6 wolves (D)
  A scorpion (D)
  A gnoll shaman (D)
  A worker ant (D)
  4 gnolls (D)
  An adder (D)
  A river rat (D)
  2 oozes (D)
  A worm (D)
  3 orcs (D)
  A bat skeleton (D)
  3 jackals (D)
  A kobold (D)
  A leopard gecko zombie (D)
  A quokka skeleton (D)
  2 rats (D)
59 creatures vanquished.

Notes
Turn   | Place    | Note
-------+----------+-------------------------------------------
     0 | D        | Kidiri the Minotaur Fighter began the quest for the Orb.
     0 | D        | Reached XP level 1. HP: 19/19 MP: 0/0
    62 | D        | Found a bloodstained altar of Trog.
    62 | D        | Found a deep blue altar of Sif Muna.
    62 | D        | Found a viscous altar of Jiyva.
    62 | D        | Found a hazy altar of Hepliaklqana.
    62 | D        | Found an opulent altar of Gozag.
    63 | D        | Found a glowing golden altar of the Shining One.
    63 | D        | Found a glowing silver altar of Zin.
    63 | D        | Found a basalt altar of Yredelemnul.
    63 | D        | Found a shimmering altar of Xom.
    63 | D        | Found an ornate altar of the Wu Jian Council.
    63 | D        | Found a sacrificial altar of Ru.
    63 | D        | Found a stormy altar of Qazlal.
    63 | D        | Found an iron altar of Okawaru.
    63 | D        | Found a sparkling altar of Nemelex Xobeh.
    63 | D        | Found a burning altar of Makhleb.
    63 | D        | Found a blossoming altar of Fedhas.
    63 | D        | Found a white marble altar of Elyvilon.
    63 | D        | Found a shadowy altar of Dithmenos.
    63 | D        | Found a snail-covered altar of Cheibriados.
    66 | D        | Found a corrupted altar of Lugonu.
    66 | D        | Found a radiant altar of Vehumet.
    66 | D        | Found a roughly hewn altar of Beogh.
    67 | D        | Found an ancient bone altar of Kikubaaqudgha.
    67 | D        | Found a hide-covered altar of Uskayaw.
    67 | D        | Found a shattered altar of Ashenzari.
    71 | D        | Became a worshipper of Warmaster Okawaru
    90 | D        | Reached skill level 1 in Throwing
    90 | D        | Reached skill level 1 in Dodging
    90 | D        | Reached XP level 2. HP: 28/28 MP: 1/1
   210 | D        | Reached XP level 3. HP: 34/35 MP: 2/2
   217 | D        | Reached skill level 5 in Fighting
   217 | D        | Reached skill level 5 in Armour
   217 | D        | Reached skill level 5 in Shields
   487 | D        | Noticed a scorpion
   487 | D        | Noticed a fire bat
   493 | D        | Killed a fire bat
   493 | D        | Reached * piety under Okawaru
   493 | D        | Reached XP level 4. HP: 47/47 MP: 3/3
   493 | D        | Reached XP level 5. HP: 52/52 MP: 4/4
   512 | D        | Noticed an ogre
   512 | D        | Noticed a flying skull
   519 | D        | Killed a flying skull
   519 | D        | Reached XP level 6. HP: 62/62 MP: 5/5
   523 | D        | Reached ** piety under Okawaru
   532 | D        | Noticed a fire bat
   545 | D        | Killed a fire bat
   545 | D        | Reached skill level 5 in Dodging
   545 | D        | Reached XP level 7. HP: 44/70 MP: 6/6
   668 | D        | Noticed a death yak
   690 | D        | Killed a death yak
   690 | D        | Reached *** piety under Okawaru
   690 | D        | Reached skill level 10 in Fighting
   690 | D        | Reached skill level 10 in Long Blades
   690 | D        | Reached skill level 5 in Throwing
   690 | D        | Reached skill level 10 in Armour
   690 | D        | Reached skill level 10 in Shields
   690 | D        | Reached XP level 8. HP: 43/80 MP: 3/7
  1128 | D        | Noticed Edmund
  1150 | D        | Reached **** piety under Okawaru
  1162 | D        | Reached XP level 9. HP: 88/89 MP: 6/8
  1171 | D        | Received a gift from Okawaru
  1182 | D        | Killed Edmund
  1242 | D        | Noticed a four-headed hydra
  1254 | D        | Killed a two-headed hydra
  1347 | D        | Noticed an orc high priest
  1347 | D        | Noticed a great orb of eyes
  1350 | D        | Noticed an orc sorcerer
  1357 | D        | Noticed an ice devil
  1358 | D        | Killed an orc high priest
  1370 | D        | Killed an orc sorcerer
  1370 | D        | Reached XP level 10. HP: 66/100 MP: 6/9
  1384 | D        | Killed a great orb of eyes
  1384 | D        | Received a gift from Okawaru
  1384 | D        | Reached ***** piety under Okawaru
  1565 | D        | Noticed a two-headed ogre
  1571 | D        | Killed a two-headed ogre
  1589 | D        | Noticed a two-headed ogre
  1594 | D        | Killed a two-headed ogre
  1594 | D        | Reached skill level 1 in Invocations
  1620 | D        | Killed a shadow wraith
  1742 | D        | Noticed a black mamba
  1753 | D        | Killed a black mamba
  1753 | D        | Received a gift from Okawaru
  1757 | D        | Reached XP level 11. HP: 110/110 MP: 4/11
  1853 | D        | Noticed Urug
  1855 | D        | Noticed a yellow draconian shifter
  1887 | D        | Killed Urug
  1897 | D        | Killed a yellow draconian shifter
  1923 | D        | Noticed a lindwurm
  1937 | D        | Killed a lindwurm
  1937 | D        | Received a gift from Okawaru
  1940 | D        | Got a faintly glowing ring mail {god gift}
  1951 | D        | Identified the +1 ring mail of the Good {Str+3} (Okawaru gifted it to you in the Dungeon)
  2141 | D        | Noticed a vampire knight
  2142 | D        | Noticed a deep elf mage
  2144 | D        | Noticed a deep elf mage
  2166 | D        | Slain by a vampire knight

Vault maps used:
D:        pitsprint

Skill      XL: |  1  2  3  4  5  6  7  8  9 10 11 |
---------------+----------------------------------+-----
Fighting       | 4 7 8 9 10 11 12 14 | 14.9
Long Blades    | 3 4 6 8 10 11 12 14 | 14.7
Armour         | 4 7 8 9 10 11 12 14 | 14.9
Shields        | 4 7 8 9 10 11 12 14 | 14.9
Throwing       | 1 3 4 5 6 7 8 9 |  9.1
Dodging        | 1 3 4 5 6 8 9 |  9.9
Invocations    | 2 3 |  3.8

Action                   |  1- 3 |  4- 6 |  7- 9 | 10-12 || total
-------------------------+-------+-------+-------+-------++-------
Melee: Falchion          |    28 |       |       |       ||    28
       Headbutt          |     5 |     2 |    33 |    19 ||    59
       Long sword        |     2 |    23 |    85 |       ||   110
       Scimitar          |       |       |    23 |    98 ||   121
Throw: Stone             |     4 |       |       |       ||     4
Invok: Heroism           |       |       |     8 |     7 ||    15
       Finesse           |       |       |       |     1 ||     1
  Use: Potion            |       |       |     2 |     3 ||     5
  Eat: Ration            |       |       |     1 |       ||     1
       Chunk             |       |       |       |     1 ||     1
Armor: Scale mail        |     7 |       |       |       ||     7
       Plate armour      |     2 |     6 |     8 |    32 ||    48
       Ring mail         |       |       |    16 |     1 ||    17
Dodge: Dodged            |     9 |     7 |    46 |    25 ||    87
Block: Shield            |    19 |    19 |    54 |    51 ||   143
       Rpst.: Falchion   |     4 |       |       |       ||     4
       Long sword        |     1 |     1 |     8 |       ||    10
       Scimitar          |       |       |     4 |     3 ||     7

Table legend:
 A = Spawn XP
 B = Non-spawn XP
 C = Spawn XP percentage of total XP
 D = Spawn monster count
 E = Non-spawn monster count
 F = Spawn count percentage of total count
 G = Total turns spent on level
                    A         B        C        D         E        F      G
               +---------+---------+-------+---------+---------+-------+---------
         Total |       0 |   14810 |   0.0 |       0 |      59 |   0.0 |  2166
               +---------+---------+-------+---------+---------+-------+---------
             D |       0 |   14810 |   0.0 |       0 |      59 |   0.0 |  2166
               +---------+---------+-------+---------+---------+-------+---------
